 Dungeon Crawl Stone Soup version 0.21.1-1-g345015f (webtiles) character file.

51 inc the Vexing (level 3, 14/14 HPs)
             Began as a Felid Enchanter on Mar 11, 2018.
             Quit the game on level 3 of the Dungeon.
             The game lasted 00:03:25 (2745 turns).

inc the Vexing (Felid Enchanter)                    Turns: 2745, Time: 00:03:26

Health: 14/14      AC:  1    Str:  4    XL:     3   Next: 57%
Magic:  16/16      EV: 18    Int: 17    God:
Gold:   85         SH:  0    Dex: 16    Spells: 0/6 levels left
                                        Lives:  0   Deaths: 1

rFire    . . .     SeeInvis +     - Unarmed
rCold    . . .     Gourm    .   (shield unavailable)
rNeg     . . .     Faith    .   (armour unavailable)
rPois    .         Spirit   .   (helmet unavailable)
rElec    .         Reflect  .   (cloak unavailable)
rCorr    .         Harm     .   (gloves unavailable)
MR       .....                  (boots unavailable)
Stlth    +++.......             (no amulet)
HPRegen  0.04/turn              i - ring of magical power
MPRegen  0.15/turn              (no ring)

@: quick
A: very small, no armour, no weapons or thrown items, stealth, claws 1, fangs 3,
see invisible, carnivore, speed 1, shaggy fur 1, slow metabolism 1, sharp paws
a: no special abilities


You were on level 3 of the Dungeon.
You were not hungry.

You visited 1 branch of the dungeon, and saw 3 of its levels.

You collected 85 gold pieces.

Inventory:

Jewellery
 c - an uncursed amulet of harm
 i - a ring of magical power (left paw)
 k - a cursed ring of teleportation {unknown}
Wands
 e - a wand of paralysis (13)
Scrolls
 d - a scroll of fog {unknown}
 g - 2 scrolls of amnesia {unknown}
 h - 2 scrolls of identify {unknown}
 j - a scroll of immolation {unknown}
Books
 a - a book of Maledictions

   Spells                             Type                      Level
   a - Corona                         Hexes                        1
   b - Ensorcelled Hibernation        Hexes/Ice                    2
   c - Confuse                        Hexes                        3
   d - Tukima's Dance                 Hexes                        3
   e - Dazzling Spray                 Conjuration/Hexes            3
Comestibles
 b - 3 rations


   Skills:
 - Level 2.6 Dodging
 - Level 4.0 Stealth
 - Level 4.1 Unarmed Combat
 - Level 2.0 Spellcasting
 + Level 4.7 Hexes
 + Level 0.7 Ice Magic


You couldn't memorise any spells.
You knew the following spells:

 Your Spells              Type           Power        Failure   Level  Hunger
a - Corona                Hex            ###....      2%          1    #......
b - Ensorcelled Hibernat  Hex/Ice        ##....       10%         2    ###....
c - Confuse               Hex            ###.....     9%          3    ###....


Dungeon Overview and Level Annotations

Branches:
Dungeon (3/15)

Altars:


Innate Abilities, Weirdness & Mutations

You cannot wear armour.
You are incapable of wielding weapons or throwing items.
Your paws allow you to move quietly. (Stealth)
You have sharp claws.
You have razor-sharp teeth.
You have supernaturally acute eyesight. (SInv)
You are carnivorous and can eat meat at any time.
You cover ground quickly.
You are covered in fur. (AC +1)
You have a slow metabolism.
Your sharp claws are effective at attacking unaware monsters.


Message History

Confirm with . or Enter, or press ? or * to list all spells.
Aiming: Ensorcelled Hibernation
Press: ? - help, Shift-Dir - straight line, f - kobold
Aim: a kobold (chance to defeat MR: 54%)
The kobold resists with significant effort.
You are feeling very hungry.
The kobold closely misses you.
Casting: Ensorcelled Hibernation
Confirm with . or Enter, or press ? or * to list all spells.
Aiming: Ensorcelled Hibernation
Press: ? - help, Shift-Dir - straight line, f/p - kobold
Aim: a kobold (chance to defeat MR: 54%)
The kobold resists with significant effort.
The kobold hits you.
You die...
You are now level 3!
You rejoin the land of the living...
Found a ration.
It was a potion of heal wounds.
You feel much better.
Are you sure you want to abandon this character and quit the game? (Confirm with "yes".)

# ## ##. #.
#.. #. #.#
##.##.#
##.....#
#...@.#
..%.......#
####.....##
##...##
##.## #. #.
.# .) ...


There were no monsters in sight!

Vanquished Creatures
  3 gnolls (D:2)
  An adder (D:2)
  4 oozes
  A worm (D:2)
  2 dart slugs (D:1)
  3 leopard geckos
  A giant cockroach (D:2)
  5 goblins (D:1)
  3 hobgoblins (D:1)
  2 jackals (D:1)
  5 kobolds
  A ball python (D:1)
  6 bats
  2 frilled lizards
  8 rats
47 creatures vanquished.

Notes
Turn   | Place    | Note
-------+----------+-------------------------------------------
     0 | D:1      | inc the Felid Enchanter began the quest for the Orb.
     0 | D:1      | Reached XP level 1. HP: 7/7 MP: 4/4
   180 | D:1      | Reached XP level 2. HP: 11/11 MP: 6/6
   763 | D:1      | Reached XP level 3. HP: 14/14 MP: 7/7
  1232 | D:2      | Learned a level 2 spell: Ensorcelled Hibernation
  1246 | D:2      | Learned a level 3 spell: Confuse
  1294 | D:2      | Reached XP level 4. HP: 18/18 MP: 8/8
  2743 | D:3      | Slain by a kobold
  2744 | D:3      | Reached XP level 3. HP: -1/14 MP: 11/16
  2745 | D:3      | Quit the game

Skill      XL: |  1  2  3 |
---------------+----------+-----
Unarmed Combat | 2 3 4 |  4.1
Dodging        | |  2.6
Stealth        | |  4.0
Spellcasting   | |  2.0
Hexes          | |  4.7
Ice Magic      | |  0.7

Action                   |  1- 3 |  4- 6 || total
-------------------------+-------+-------++-------
Melee: Unarmed           |    84 |    57 ||   141
       Bite              |     8 |     5 ||    13
       Punch             |     2 |     1 ||     3
 Cast: Ensorcelled Hiber |     1 |    24 ||    25
       Corona            |     1 |       ||     1
  Use: Potion            |     2 |       ||     2
 Stab: Sleeping          |    12 |    14 ||    26
       Distracted        |     1 |       ||     1
  Eat: Chunk             |     3 |     1 ||     4
Armor: Skin              |     1 |     4 ||     5
Dodge: Dodged            |    44 |    46 ||    90
